 Dungeon Sprint DCSS version 0.30.1 (webtiles) character file.

Game seed: 14960723982189665107

14721 boopmooplesden the Fencer (level 11, -2/103 HPs)
             Began as a Demonspawn Berserker on July 5, 2023.
             Was the Champion of Trog.
             Slain by an ice devil (14 damage)
             ... in the Dungeon (Sprint VII: "The Pits").
             The game lasted 00:08:11 (2924 turns).

boopmooplesden the Fencer (Demonspawn Berserker)    Turns: 2924, Time: 00:08:12

Health: -2/103     AC: 30    Str: 19    XL:     11   Next: 92%
Magic:  11/11      EV: 12    Int: 15    God:    Trog [******]
Gold:   29         SH:  0    Dex: 14    Spells: 10/10 levels left

rFire   . . .        h - +7 triple sword (flame)
rCold   . . .        (shield currently unavailable)
rNeg    . . .        s - +5 chain mail
rPois   .            w - +2 hat
rElec   .            q - +2 cloak
rCorr   .            (no gloves)
SInv    .            r - +2 pair of boots
Will    .....        (no amulet) Stlth
                     n - +3 ring of intelligence
HPRegen 0.37/turn    o - +3 ring of protection
MPRegen 0.12/turn

%: no teleportation
@: on berserk cooldown
A: claws 1, powered by death 2, big brain 1
a: Renounce Religion, Berserk, Trog's Hand, Brothers in Arms


You were in the Dungeon.
You worshipped Trog.
Trog was exalted by your worship.
You visited 1 branch You collected 29 gold pieces.

Inventory:

Hand Weapons
 a - a +0 falchion
 h - a +7 triple sword of flaming (weapon)
 i - a +2 falchion
 p - a +2 vampiric scimitar
 t - a +2 great sword of flaming
 u - a +2 demon blade
Armour
 b - a +0 animal skin
 l - a +3 chain mail
 q - a +2 cloak (worn)
 r - a +2 pair of boots (worn)
 s - a +5 chain mail (worn)
 w - a +2 hat (worn)
Jewellery
 n - a +3 ring of intelligence (left claw)
 o - a +3 ring of protection (right claw)
 B - a ring of see invisible
 C - a ring of fire
Wands
 m - a wand of paralysis (6)
Scrolls
 k - a scroll of summoning
 x - a scroll of enchant armour
 y - a scroll of fear
 z - 2 scrolls of fog
Potions
 c - 10 potions of curing
 d - 20 potions of heal wounds
 e - 4 potions of haste
 f - 4 potions of magic
 g - 6 potions of berserk rage
 j - 3 potions of invisibility
 v - a potion of mutation {unknown}


   Skills:
 + Level 15.6 Fighting
 + Level 18.6 Long Blades
 + Level 13.4 Armour
 + Level 8.8 Dodging
 + Level 2.3 Stealth


You had 10 spell levels left.
You didn't know any spells.
Your spell library was empty.

Dungeon Overview and Level Annotations

Branches:
Dungeon (1/1)

Altars:


Innate Abilities, Weirdness & Mutations

You have sharp fingernails.
You regenerate health from kills.
You have an unusually large brain. (Int +2)


Message History

The ice devil hits you but does no damage.
You slash the titanic slime creature! You burn the titanic slime creature.
The titanic slime creature is heavily wounded.
The titanic slime creature hits you!!!
* * * LOW HITPOINT WARNING * * *
The ice devil closely misses you.
The ice devil hits you but does no damage.
The titanic slime creature closely misses you.
As you read the scroll of fear, it crumbles to dust.
You assume a fearsome visage.
The ice devil easily resists.
The titanic slime creature looks frightened!
The ice devil misses you.
You feel much better.
The ice devil hits you but does no damage.
The ice devil barely misses you.
You closely miss the ice devil.
The ice devil hits you but does no damage.
You barely miss the ice devil.
You feel yourself speed up.
The titanic slime creature seems to regain its courage.
The ice devil hits you but does no damage.
You hit the ice devil. You burn the ice devil.
The ice devil is lightly wounded.
The ice devil hits you but does no damage.
You hit the ice devil. You burn the ice devil.
The ice devil is moderately wounded.
The ice devil hits you. The ice devil freezes you!!
* * * LOW HITPOINT WARNING * * *
The ice devil attacks as you move away!
The ice devil hits you but does no damage.
A titanic slime creature splits.
The ice devil attacks as you move away!
The ice devil hits you but does no damage.
The ice devil attacks as you move away! The ice devil misses you.
The ice devil attacks as you move away!
The ice devil hits you but does no damage.
The ice devil attacks as you move away! The ice devil hits you.
* * * LOW HITPOINT WARNING * * *
The ice devil freezes you!
You die...

########################+#
........†..†.......J.....#
...........)....@4.J.....#
#######++##############..#
..# ..# ..# ..# ..# ..#


You could see a very large slime creature, a large slime creature and an ice
devil.

Vanquished Creatures
  Gastronok (D)
  Erolcha (D)
  A boulder beetle (D)
  An anaconda (D)
  A death yak (D)
  Sonja (D)
  A shadow wraith (D)
  A flayed ghost (D)
  A swamp dragon (D)
  A necromancer (D)
  2 lindwurms (D)
  2 elephants (D)
  A guardian serpent (D)
  An orange demon (D)
  A cane toad (D)
  An unseen horror (D)
  An efreet (D)
  A komodo dragon (D)
  A merfolk (D)
  A troll (D)
  A hornet (D)
  A tarantella (D)
  A flying skull (D)
  A fire bat (D)
  A ynoxinul (D)
  A shadow (D)
  5 yaks (D)
  2 steam dragons (D)
  A chaos spawn (D)
  3 redbacks (D)
  4 vampire mosquitoes (D)
  2 black bears (D)
  8 wolves (D)
  A centaur (D)
  2 necrophages (D)
  2 orc priests (D)
  A jelly (D)
  An iguana (D)
  Ijyb (D)
  2 gnolls (D)
  2 white imps (D)
  An ufetubus (D)
  2 adder zombies (D)
  An orc (D)
  3 bat skeletons (D)
  A bat zombie (D)
  2 endoplasms (D)
  A giant cockroach (D)
  3 hobgoblins (D)
  A quokka (D)
  A ball python skeleton (D)
  A bat (D)
  A frilled lizard (D)
  2 goblins (D)
  A kobold (D)
  A rat (D)
87 creatures vanquished.

Vanquished Creatures (collateral kills)
  A manticore (D)
  A polar bear (D)
  A jumping spider (D)
  A swamp drake (D)
  A scorpion (D)
5 creatures vanquished.

Grand Total: 92 creatures vanquished

Notes
Turn   | Place    | Note
-------+----------+-------------------------------------------
     0 | D        | boopmooplesden the Demonspawn Berserker began the quest for
                  | the Orb.
     0 | D        | Reached XP level 1. HP: 18/18 MP: 1/1
   114 | D        | Reached skill level 3 in Long Blades
   114 | D        | Gained mutation: You have an unusually large brain. (Int
                  | +2) [demonic ancestry]
   114 | D        | Reached XP level 2. HP: 8/25 MP: 2/2
   194 | D        | Reached ** piety under Trog
   206 | D        | Reached skill level 4 in Long Blades
   249 | D        | Noticed a black bear
   252 | D        | Reached *** piety under Trog
   261 | D        | Killed a black bear
   262 | D        | Reached skill level 6 in Long Blades
   262 | D        | Reached XP level 3. HP: 25/35 MP: 3/3
   262 | D        | Reached XP level 4. HP: 29/41 MP: 4/4
   356 | D        | Noticed a necrophage
   356 | D        | Noticed a flying skull
   360 | D        | Noticed a black bear
   369 | D        | Killed a flying skull
   369 | D        | Reached **** piety under Trog
   370 | D        | Reached skill level 7 in Long Blades
   370 | D        | Reached skill level 1 in Stealth
   370 | D        | Gained mutation: You regenerate a little health from kills.
                  | [demonic ancestry]
   370 | D        | Reached XP level 5. HP: 51/51 MP: 5/5
   370 | D        | Reached XP level 6. HP: 57/57 MP: 6/6
   375 | D        | Reached skill level 8 in Long Blades
   395 | D        | Reached skill level 9 in Long Blades
   415 | D        | Reached ***** piety under Trog
   595 | D        | Reached skill level 10 in Fighting
   595 | D        | Reached skill level 5 in Dodging
   595 | D        | Reached XP level 7. HP: 66/66 MP: 7/7
   597 | D        | Noticed a lindwurm
   608 | D        | Killed a lindwurm
   609 | D        | Reached skill level 11 in Long Blades
   609 | D        | Reached skill level 5 in Armour
   609 | D        | Reached XP level 8. HP: 31/74 MP: 8/8
   768 | D        | Noticed Ijyb
   791 | D        | Killed Ijyb
   999 | D        | Noticed a troll
   999 | D        | Noticed a cane toad
  1007 | D        | Killed a cane toad
  1016 | D        | Killed a troll
  1017 | D        | Reached skill level 12 in Long Blades
  1022 | D        | Reached ****** piety under Trog
  1178 | D        | HP: 4/111 [something (10)]
  1181 | D        | Killed a shadow wraith
  1181 | D        | Received a gift from Trog
  1182 | D        | Gained mutation: You have sharp fingernails. [demonic
                  | ancestry]
  1182 | D        | Reached XP level 9. HP: 5/82 MP: 9/9
  1376 | D        | Noticed an efreet
  1381 | D        | Reached skill level 13 in Long Blades
  1387 | D        | Killed an efreet
  1510 | D        | Noticed Sonja
  1514 | D        | Killed Sonja
  1514 | D        | Received a gift from Trog
  1515 | D        | Reached skill level 10 in Armour
  1738 | D        | Noticed a flayed ghost
  1748 | D        | Reached skill level 14 in Long Blades
  1826 | D        | Killed an unseen horror
  1827 | D        | Gained mutation: You regenerate health from kills. [demonic
                  | ancestry]
  1827 | D        | Reached XP level 10. HP: 62/91 MP: 10/10
  1921 | D        | Noticed an elephant
  1925 | D        | Killed an elephant
  1929 | D        | Received a gift from Trog
  1938 | D        | Noticed a swamp dragon
  1939 | D        | Noticed a death yak
  1952 | D        | Killed a swamp dragon
  1956 | D        | Reached skill level 15 in Long Blades
  1960 | D        | Killed a death yak
  1983 | D        | Received a gift from Trog
  2086 | D        | Noticed Erolcha
  2115 | D        | Killed Erolcha
  2115 | D        | Received a gift from Trog
  2116 | D        | Reached skill level 16 in Long Blades
  2209 | D        | Noticed an elephant
  2223 | D        | Killed an elephant
  2229 | D        | Reached XP level 11. HP: 32/99 MP: 11/11
  2231 | D        | Killed a flayed ghost
  2232 | D        | Received a gift from Trog
  2236 | D        | Noticed a necromancer
  2251 | D        | Killed a necromancer
  2260 | D        | Received a gift from Trog
  2261 | D        | Reached skill level 17 in Long Blades
  2274 | D        | Noticed Gastronok
  2291 | D        | Killed Gastronok
  2443 | D        | Noticed a boulder beetle
  2466 | D        | Killed a boulder beetle
  2483 | D        | HP: 4/101 [steam dragon] (5)]
  2487 | D        | Received a gift from Trog
  2488 | D        | Reached skill level 15 in Fighting
  2488 | D        | Reached skill level 18 in Long Blades
  2783 | D        | Noticed an anaconda
  2796 | D        | Killed an anaconda
  2870 | D        | Noticed a lindwurm
  2882 | D        | Killed a lindwurm
  2882 | D        | Received a gift from Trog
  2924 | D        | Slain by an ice devil

Illustrated notes

Levels and vault maps discovered:
D:        pitsprint [storerooms_1, entrance_room_1, metal_vault_6, armoury_1,
          mini_pit_1, grid_room_1, main_hall_1, silver_pit, the_coven_1,
          the_vestibule_1, steel_vault_5, golden_pit, hallway_of_sentries,
          crystal_vault_4, iron_vault_2, final_vault]

Skill      XL: |  1  2  3  4  5  6  7  8  9 10 11 |
---------------+----------------------------------+-----
Long Blades    | 3 6 7 9 11 12 14 16 18 | 18.6
Armour         | 2 3 4 5 8 10 11 13 | 13.4
Dodging        | 2 3 4 5 6 7 8 |  8.8
Fighting       | 6 8 10 11 12 13 15 | 15.6
Stealth        | 1 2 |  2.3

Action                     |  1- 3 |  4- 6 |  7- 9 | 10-12 || total
---------------------------+-------+-------+-------+-------++-------
  Melee: Falchion          |    28 |    43 |    57 |       ||   128
         Scimitar          |       |       |    21 |       ||    21
         Punch             |       |       |     3 |       ||     3
         Great sword       |       |       |    32 |    93 ||   125
         Triple sword      |       |       |       |    71 ||    71
 Invoke: Berserk           |     1 |     1 |     5 |     6 ||    13
         Brothers in Arms  |       |       |     1 |     1 ||     2
         Trog's Hand       |       |       |       |     5 ||     5
    Use: Scroll            |       |       |       |     9 ||     9
         Potion            |       |       |       |     2 ||     2
 Armour: Animal skin       |     6 |       |       |       ||     6
         Chain mail        |       |    45 |    75 |   152 ||   272
  Dodge: Dodged            |    16 |    33 |    58 |   140 ||   247
